 Dungeon Crawl Stone Soup version 0.29.1-15-g9cfb28693d (webtiles) character file.

Game seed: 1596621950968415647

3 fireball365 the Trooper (level 1, -10/20 HPs)
             Began as a Hill Orc Fighter on Oct 12, 2023.
             Mangled by a kobold
             ... wielding a +1 whip of electrocution
              (15 damage)
             ... on level 1 of the Dungeon.
             The game lasted 00:00:50 (554 turns).

fireball365 the Trooper (Hill Orc Fighter)           Turns: 554, Time: 00:00:51

Health: -10/20     AC:  6    Str: 18    XL:     1   Next: 50%
Magic:  1/1        EV:  9    Int:  8    God:
Gold:   17         SH:  4    Dex: 10    Spells: 0/0 levels left

rFire   . . .      SeeInvis .   a - +0 war axe
rCold   . . .      Faith    .   c - +0 buckler
rNeg    . . .      Spirit   .   b - +0 scale mail
rPois   .          Reflect  .   (no helmet)
rElec   .          Harm     .   (no cloak)
rCorr   .          Rampage  .   (no gloves)
Will    .....                   (no boots)
Stlth   ..........              (no amulet)
HPRegen 0.06/turn               (no ring)
MPRegen 0.07/turn               (no ring)

@: no status effects
A: no striking features
a: no special abilities


You were on level 1 of the Dungeon.
You visited 1 branch of the dungeon, and saw 1 of its levels.

You collected 17 gold pieces.

Inventory:

Hand Weapons
 a - a +0 war axe (weapon)
Armour
 b - a +0 scale mail (worn)
 c - a +0 buckler (worn)
Scrolls
 f - 3 scrolls of identify {unknown}
 h - a scroll of noise {unknown}
Potions
 d - 2 potions of might
 e - 2 potions of curing {unknown}
 g - a potion of degeneration {unknown}
 i - a potion of mutation {unknown}


   Skills:
 + Level 3.7 Fighting
 + Level 2.8 Axes
 + Level 3.3 Armour
 + Level 3.3 Shields


You couldn't memorise any spells.
You didn't know any spells.
Your spell library contained the following spells:

 Spells                   Type           Power      Damage    Failure   Level
 Sublimation of Blood     Necr           0%         N/A       95%         2
 Wereblood                Tmut           0%         N/A       95%         2
 Summon Hydra             Summ           0%         N/A       100%        7


Dungeon Overview and Level Annotations

Branches:
Dungeon (1/15)

Altars:


Message History

The hobgoblin hits you but does no damage.
The hobgoblin barely misses you.
You hit the hobgoblin but do no damage. The hobgoblin barely misses you.
You barely miss the hobgoblin. You block the hobgoblin's attack.
You slash the hobgoblin!
You kill the hobgoblin!
Found a potion of might.
f - 3 scrolls labelled PUCHEA BUMNI (gained 1)
d - 2 potions of might (gained 1)
Found a stone staircase leading down.
Found a stone staircase leading down.
e - 2 emerald potions (gained 1)
A bat comes into view.
The bat barely misses you.
There is a stone staircase leading down here.
The bat closely misses you. x2; The bat hits you but does no damage.
The bat attacks as you move away! The bat misses you.
The bat barely misses you. You block the bat's attack.
The bat barely misses you. x2
The bat misses you. The bat attacks as you move away!
The bat hits you but does no damage. x3
You slash the bat!
You kill the bat!
You now have 17 gold pieces (gained 9).
A kobold comes into view.
It is wielding a +1 whip of electrocution.
The kobold shouts!
Found a scroll labelled NYMEIT VURAIFU.
The kobold closely misses you.
You barely miss the kobold. The kobold hits you but does no damage.
You are electrocuted!
Ouch! That really hurt!
You block the kobold's attack.
You hit the kobold but do no damage.
The kobold hits you with a +1 whip of electrocution.
* * * LOW HITPOINT WARNING * * *
You completely miss the kobold. The kobold hits you but does no damage.
You are electrocuted!
Ouch! That really hurt!
You die...

........... #.#.#
........... .#.####
#.#.......#
.#....######.....##
......# ##...##
......### #....
#.......# ##...
#K......? ##
#@....... ...
#.#.###.##..###.#
#.#.###.##..#.#.####
#.......##..#.......
###.........#.......
#.......##.##.......
#.......##.##.......
#.......##.##.......
#..............###..


You could see a kobold.

Vanquished Creatures
  A hobgoblin (D:1)
  2 bats (D:1)
  A rat (D:1)
4 creatures vanquished.

Notes
Turn   | Place    | Note
-------+----------+-------------------------------------------
     0 | D:1      | fireball365 the Hill Orc Fighter began the quest for the
                  | Orb.
     0 | D:1      | Reached XP level 1. HP: 19/19 MP: 1/1
   107 | D:1      | Found a faded altar of an unknown god.
   554 | D:1      | Mangled by a kobold

Illustrated notes

Levels and vault maps discovered:
D:1:      dpeg_chamrin_arrival_tetris, layout_basic,
          ebering_ecumenical_altar_abandoned, st_stairs_10,
          chequers_serial_rivers_small_b, nicolae_figureground_sparkle

Action                   || total
-------------------------++-------
Melee: War axe           ||    25
Armor: Scale mail        ||    78
Dodge: Dodged            ||    78
Block: Buckler           ||    30
